 Dungeon Crawl Stone Soup version 0.30-a0-159-g068b764562 (webtiles) character file.

Game seed: 10717832981817130183

79 Anon1729 the Ducker (level 4, 0/37 HPs)
             Began as a Merfolk Monk on Sept 27, 2022.
             Slain by an orc
             ... wielding a +0 mace
              (5 damage)
             ... on level 5 of the Dungeon.
             The game lasted 00:02:23 (2220 turns).

Anon1729 the Ducker (Merfolk Monk)                  Turns: 2220, Time: 00:02:24

Health: 0/37       AC:  2    Str: 11    XL:     4   Next: 37%
Magic:  4/4        EV: 14    Int:  9    God:
Gold:   74         SH:  0    Dex: 18    Spells: 3/3 levels left

rFire   . . .      SeeInvis .    a - +0 falchion
rCold   . . .      Faith    .    (no shield)
rNeg    . . .      Spirit   .    b - +0 robe
rPois   .          Reflect  .    (no helmet)
rElec   .          Harm     .    (no cloak)
rCorr   .          Rampage  .    (no gloves)
Will    .....                    (no boots)
Stlth   +++.......               (no amulet)
HPRegen 0.12/turn                (no ring)
MPRegen 0.09/turn                (no ring)

@: no status effects
A: (nimble swimmer 2), mertail
a: no special abilities


You were on level 5 of the Dungeon.
You visited 1 branch of the dungeon, and saw 5 of its levels.

You collected 134 gold pieces.
You spent 60 gold pieces at shops.

Inventory:

Hand Weapons
 a - a +0 falchion (weapon)
 m - a +0 dagger of distortion
Armour
 b - a +0 robe (worn)
Scrolls
 e - 2 scrolls of noise
 h - 2 scrolls of summoning
 j - a scroll of torment {unknown}
 l - a scroll of poison {unknown}
 r - a scroll of teleportation
Potions
 c - a potion of ambrosia
 d - a potion of degeneration {unknown}
 f - a potion of magic {unknown}
 g - a potion of resistance {unknown}
 i - 3 potions of berserk rage
 n - 2 potions of might {unknown}
 o - 3 potions of curing {unknown}
 p - a potion of cancellation {unknown}
 q - a potion of haste {unknown}


   Skills:
 + Level 4.0 Fighting
 + Level 4.3 Long Blades
 + Level 4.7 Dodging
 + Level 3.2 Stealth


You had 3 spell levels left.
You didn't know any spells.
Your spell library was empty.

Dungeon Overview and Level Annotations

Branches:
Dungeon (5/15)
 Temple: D:4-7

Altars:
Elyvilon

Shops:
D:2 ?

Annotations:
D:5 Prince Ribbit


Innate Abilities, Weirdness & Mutations

((You are very nimble when in or above water. (Stealth+, EV+, Speed+++)))
Your lower body shifts to a powerful aquatic tail in water.


Message History

The orc is severely wounded.
The orc completely misses you.
You hit the orc but do no damage.
The orc is severely wounded.
The kobold misses you. The orc hits you but does no damage.
The kobold attacks as you move away! The kobold hits you with a +0 dagger.
The orc attacks as you move away! The orc barely misses you.
The orc attacks as you move away! The orc misses you.
There is a stone staircase leading down here.
The orc barely misses you.
You climb downwards.
Found four items.
Found a stone staircase leading down.
There is a stone staircase leading up here.
The helpless orc fails to defend itself.
You slash the orc!
You kill the orc!
The orc hits you with a +0 mace. The orc attacks as you move away!
The orc hits you with a +0 mace.
The orc shouts! x2
The orc attacks as you move away! The orc hits you with a +0 mace.
* * * LOW HITPOINT WARNING * * *
The giant cockroach closely misses you.
The giant cockroach bites you but does no damage.
The orc attacks as you move away! The orc hits you with a +0 mace.
* * * LOW HITPOINT WARNING * * *
The giant cockroach attacks as you move away!
The giant cockroach barely misses you.
There is a stone staircase leading down here.
The giant cockroach bites you but does no damage.
The orc closely misses you.
You climb downwards.
There is a stone staircase leading up here.
The giant cockroach attacks as you move away!
The giant cockroach bites you but does no damage.
The giant cockroach attacks as you move away!
The giant cockroach bites you but does no damage.
The giant cockroach completely misses you.
A howler monkey comes into view.
You closely miss the orc. The orc hits you with a +0 mace.
You die...

.. #.# h.#...
.#... ...# #
#..## #.# #...
..
#.####..####.#
........Bo@..#
.####..######
#.####..###
#....<....#
...........##
.....#.#......F
###. #.#..#####
# #.#..# #.#..#


You could see an orc and a giant cockroach.

Vanquished Creatures
  An adder (D:2)
  6 dart slugs
  5 orcs
  8 ball pythons
  2 endoplasms (D:1)
  A giant cockroach (D:1)
  6 goblins
  8 hobgoblins
  A quokka (D:2)
  3 bats
  3 frilled lizards
  A kobold (D:1)
  3 rats (D:2)
48 creatures vanquished.

Notes
Turn   | Place    | Note
-------+----------+-------------------------------------------
     0 | D:1      | Anon1729 the Merfolk Monk began the quest for the Orb.
     0 | D:1      | Reached XP level 1. HP: 18/18 MP: 1/1
   155 | D:1      | Reached XP level 2. HP: 17/24 MP: 2/2
   296 | D:1      | Found a faded altar of an unknown god.
   567 | D:1      | Reached XP level 3. HP: 29/29 MP: 3/3
   742 | D:1      | Prayed at the altar of an unknown god.
   742 | D:1      | Became a worshipper of Elyvilon the Healer
   742 | D:1      | Reached * piety under Elyvilon
   742 | D:1      | Reached ** piety under Elyvilon
   764 | D:1      | Fell from the grace of Elyvilon
  1591 | D:2      | Reached XP level 4. HP: 30/37 MP: 4/4
  1813 | D:2      | Found Lujaumis's Magic Scroll Shoppe.
  1823 | D:2      | Bought a scroll of identify for 24 gold pieces
  1823 | D:2      | Bought a scroll of teleportation for 36 gold pieces
  2205 | D:4      | Noticed a water moccasin
  2214 | D:5      | Entered Level 5 of the Dungeon
  2214 | D:5      | Noticed Prince Ribbit
  2220 | D:5      | Slain by an orc

Illustrated notes

Levels and vault maps discovered:
D:1:      lightli_iron_boxes, layout_basic, basic_ecumenical_altar,
          minmay_stone_trees_small
D:2:      layout_loops_ring, serial_shops, shop_statue
D:3:      layout_basic, grunt_ministairs_14, hangedman_decor_lopped,
          item_on_display_b
D:4:      layout_rooms, mainiacjoe_overflow_alcove_1,
          minmay_temple_entry_statues_pillars, gammafunk_ghost_stat_death
D:5:      layout_basic, uniq_ijyb, uniq_prince_ribbit1

Skill      XL: |  1  2  3  4 |
---------------+-------------+-----
Long Blades    | 4 |  4.3
Stealth        | 3 |  3.2
Fighting       | 4 |  4.0
Dodging        | |  4.7

Action                   |  1- 3 |  4- 6 || total
-------------------------+-------+-------++-------
Melee: Falchion          |    91 |    40 ||   131
       Punch             |     1 |       ||     1
Invok: Renounce Religion |     1 |       ||     1
  Use: Scroll            |       |     3 ||     3
 Stab: Sleeping          |     6 |     3 ||     9
Armor: Robe              |     7 |    12 ||    19
Dodge: Dodged            |    81 |    24 ||   105

Table legend: (Time is in decaauts)
 A = Elapsed time spent in this place.
 B = Non-inter-level travel time spent in this place.
 C = Inter-level travel time spent in this place.
 D = Time resting spent in this place.
 E = Time spent auto-exploring this place.
 F = Levels seen in this place.
 G = Mean time per level.
                   A        B        C        D        E       F      G
               +--------+--------+--------+--------+--------+-----+--------+
         Total |   2233 |   2174 |     59 |    192 |   1578 |   5 |  446.6 |
       Dungeon |   2233 |   2174 |     59 |    192 |   1578 |   5 |  446.6 |
               +--------+--------+--------+--------+--------+-----+--------+

Top non-repeatable levels by time:
     D:1: 1063 daAuts
     D:2: 940 daAuts
     D:3: 215 daAuts
     D:4: 8 daAuts
     D:5: 5 daAuts
